 Dungeon Crawl Stone Soup version 0.20-a0-261-gcb1eca7 (webtiles) character file.

73 Goblin1989 the Skirmisher (level 4, -1/37 HPs)
             Began as a Demonspawn Artificer on Dec 4, 2016.
             Slain by Ijyb
             ... wielding a +0 dagger
              (3 damage)
             ... on level 2 of the Dungeon.
             The game lasted 00:04:35 (1935 turns).

Goblin1989 the Skirmisher (Demonspawn Artificer)    Turns: 1935, Time: 00:04:36

Health: -1/37      AC:  3    Str: 12    XL:     4   Next: 8%
Magic:  6/6        EV: 12    Int: 12    God:
Gold:   68         SH:  0    Dex: 15    Spells: 3/3 levels left

rFire  . . .     SeeInvis .     a - +0 short sword
rCold  . . .     Gourm    .     b - +0 leather armour
rNeg   . . .     Faith    .     (no shield)
rPois  .         Spirit   .     (no helmet)
rElec  .         Reflect  .     (no cloak)
rCorr  .         Harm     .     (no gloves)
MR     .....                    (no boots)
Stlth  +.........               (no amulet)
                                (no ring)
                                (no ring)

@: no status effects
A: hooves 1
a: no special abilities


You were on level 2 of the Dungeon.
You were hungry.

You visited 1 branch of the dungeon, and saw 2 of its levels.

You collected 68 gold pieces.

Inventory:

Hand Weapons
 a - a +0 short sword (weapon)
Armour
 b - a +0 leather armour (worn)
Wands
 c - a wand of flame (0/48)
 e - a wand of random effects (15/48)
 E - a wand of enslavement (15/24)
Scrolls
 d - 3 scrolls of identify {unknown}
 h - 2 scrolls of random uselessness {unknown}
 i - 2 scrolls of enchant weapon {unknown}
 k - a scroll of magic mapping {unknown}
 m - a scroll of teleportation {unknown}
 q - 3 scrolls of remove curse {unknown}
 r - a scroll of recharging {unknown}
Potions
 j - 3 potions of heal wounds {unknown}
 l - a potion of lignification {unknown}
 o - a potion of ambrosia {unknown}
 p - a potion of invisibility {unknown}
 s - a potion of might {unknown}
Comestibles
 f - 2 bread rations {@e1}
 n - 5 fruits


   Skills:
 - Level 3.9 Fighting
 + Level 1.1 Short Blades
 - Level 1.7 Dodging
 - Level 0.8 Stealth
 - Level 3.0 Evocations


You had 3 spell levels left.
You didn't know any spells.

Dungeon Overview and Level Annotations

Branches:
Dungeon (2/15)

Altars:

Annotations:
D:2 Ijyb


Innate Abilities, Weirdness & Mutations

You have large cloven feet.


Message History

Ijyb hits you but does no damage.
You hit Ijyb but do no damage. You kick Ijyb, but do no damage.
Ijyb is severely wounded.
Ijyb barely misses you.
You hit Ijyb but do no damage.
Ijyb is severely wounded.
Ijyb hits you with a dagger.
* * * LOW HITPOINT WARNING * * *
You take 4 damage, and have 2/37 hp.
You closely miss Ijyb. You kick Ijyb, but do no damage.
Ijyb is severely wounded.
Ijyb hits you but does no damage.
You hit Ijyb but do no damage. Your kick misses Ijyb.
Ijyb is severely wounded.
Ijyb hits you but does no damage.
You barely miss Ijyb.
Ijyb is severely wounded.
You are feeling hungry.
Ijyb hits you with a dagger.
You die...

.▲..........██........█
.████.......██........█
.████)................█
.....██...............█
.....██..........█....█
.....██..........█....█
.....██...............▲
.....██.....████g█....█
.....██.....█
█@████.w.hKh
.....███...███.....█
h.... ....... ..
█.....█ ...g █.......
█.....█ ... .......
█.....█ .. ▲.....█ █
█.....█ █.....█


You could see Ijyb.

Vanquished Creatures
  2 adders (D:2)
  3 worms (D:2)
  A dart slug (D:2)
  2 leopard geckos (D:1)
  A giant cockroach (D:2)
  A goblin (D:2)
  8 hobgoblins
  4 jackals (D:2)
  5 bats
  4 frilled lizards
  6 kobolds
  8 rats
45 creatures vanquished.

Notes
Turn   | Place    | Note
-------+----------+-------------------------------------------
     0 | D:1      | Goblin1989 the Demonspawn Artificer began the quest for the Orb.
     0 | D:1      | Reached XP level 1. HP: 15/15 MP: 3/3
   190 | D:1      | Gained mutation: You have large cloven feet. [demonic ancestry]
   190 | D:1      | Reached XP level 2. HP: 22/22 MP: 4/4
   813 | D:2      | HP: 1/23 [rat (1)]
  1065 | D:2      | Reached XP level 3. HP: 11/29 MP: 5/5
  1864 | D:2      | Noticed Ijyb
  1886 | D:2      | Reached XP level 4. HP: 28/37 MP: 6/6
  1893 | D:2      | Reached skill level 1 in Short Blades
  1935 | D:2      | Slain by Ijyb

Vault maps used:
D:1:      minmay_arrival_hallway
D:2:      uniq_iyjb

Skill      XL: |  1  2  3  4 |
---------------+-------------+-----
Fighting       | 2 3 |  3.9
Short Blades   | 1 |  1.1
Dodging        | |  1.7
Stealth        | |  0.8
Evocations     | |  3.0

Action                   |  1- 3 |  4- 6 || total
-------------------------+-------+-------++-------
Melee: Short sword       |   140 |    49 ||   189
       Kick              |    24 |    17 ||    41
Evoke: Wand              |    15 |       ||    15
  Eat: Chunk             |     3 |       ||     3
Armor: Leather armour    |    34 |     5 ||    39
Dodge: Dodged            |   100 |    19 ||   119

Vault maps used:
D:1:      minmay_arrival_hallway
D:2:      uniq_iyjb
